Map: 궤도 조선소

Players

SortOf

  • Race: Zerg Zerg
  • League: Grandmaster

MyuNgSiK - Winner!

  • Race: Protoss Protoss

Event: Gauntlet LotV Series 1 Qualifier 2

VOD

Have the link to the VOD?

Description

Time

  • Played on: Dec. 5, 2015, 2:43 p.m.
  • Length: 16:54

All games in this series

Show
View Real Time Build Order
Export as new Build Order

SortOf Zerg 

Build Orders: 3 Hatch before Pool, Lurkers 

Get SALT Encoding   

  12  0:00  Drone  
  13  0:13  Overlord  
  13  0:18  Drone  
  14  0:31  Drone x2  
  16  0:37  Drone  
  17  0:46  Drone  
  18  0:56  Drone  
  19  1:01  Hatchery  
  18  1:08  Drone  
  19  1:23  Hatchery  
  18  1:27  Drone  
  18  1:31  Extractor  
  18  1:41  Spawning Pool  
  17  1:47  Drone  
  17  1:48  Drone  
  19  2:01  Overlord  
  19  2:03  Drone  
  20  2:15  Drone x2  
  22  2:24  Drone  
  22  2:28  Queen  
  22  2:29  Zergling x2  
  26  2:33  Zergling x2  
  26  2:36  Queen  
  27  2:42  Zergling x2  
  30  2:44  Metabolic Boost  
  30  2:48  Drone  
  31  2:59  Zergling x4  
  31  3:00  Queen  
  31  3:03  Drone  
  36  3:07  Drone x2  
  36  3:11  Overlord  
  38  3:14  Evolution Chamber  
  38  3:17  Drone  
  38  3:19  Drone  
  39  3:25  Drone  
  41  3:27  Drone  
  41  3:34  Drone x2  
  41  3:36  Roach Warren  
  41  3:38  Drone  
  41  3:40  Drone  
  44  3:44  Drone  
  44  3:45  Overlord  
  45  3:52  Drone  
  45  3:53  Drone  
  45  3:54  Drone x2  
  49  3:58  Extractor  
  49  4:00  Overlord  
  48  4:06  Zergling x4  
  50  4:10  Extractor  
  51  4:17  Roach x2  
  51  4:18  Overlord  
  51  4:27  Roach  
  51  4:30  Drone x3  
  51  4:31  Drone x2  
  58  4:32  Queen  
  58  4:35  Overlord  
  58  4:37  Roach x2  
  64  4:38  Drone  
  64  4:39  Drone  
  64  4:40  Drone  
  71  4:45  Roach x2  
  71  4:50  Ravager  
  72  4:55  Roach x2, Zergling x4  
  72  4:59  Overlord  
  78  5:05  Spore Crawler  
  77  5:07  Overlord x2  
  77  5:10  Ravager  
  77  5:15  Roach x2  
  77  5:18  Roach x2, Zergling x2  
  85  5:22  Queen  
  85  5:25  Overlord  
  85  5:26  Roach  
  89  5:35  Roach x3, Zergling x4  
  94  5:39  Zergling x4  
  94  5:40  Zergling x2  
  97  5:45  Roach, Zergling x4  
  97  5:49  Ravager  
  98  5:50  Zergling x2  
  98  5:51  Roach  
  101  5:57  Roach x2, Zergling x4  
  101  6:03  Roach  
  103  6:05  Roach, Zergling x4  
  106  6:17  Roach x2  
  97  6:19  Roach x3, Zergling x6  
  97  6:25  Roach  
  100  6:31  Roach, Zergling x2  
  94  6:37  Zergling x2  
  86  6:44  Roach, Zergling x2  
  68  6:51  Zergling x2  
  60  6:55  Zergling x2  
  58  7:03  Roach  
  58  7:06  Zergling x2  
  56  7:11  Drone x3  
  51  7:15  Drone  
  51  7:16  Drone  
  51  7:22  Drone  
  53  7:27  Drone  
  51  7:32  Drone  
  51  7:36  Drone  
  49  7:43  Drone  
  46  7:53  Drone x2  
  46  7:55  Drone  
  46  7:56  Ravager  
  50  7:59  Drone, Ravager  
  50  8:04  Drone  
  50  8:05  Ravager  
  54  8:07  Drone x2  
  54  8:10  Zergling x2  
  54  8:12  Drone  
  58  8:18  Drone x3  
  61  8:22  Zergling x2  
  61  8:23  Zergling x2  
  61  8:25  Drone  
  64  8:28  Drone  
  64  8:32  Roach  
  64  8:33  Roach  
  69  8:38  Roach x2  
  72  8:42  Drone x2  
  70  8:48  Drone  
  70  8:49  Drone  
  70  8:53  Drone  
  70  8:54  Drone  
  74  8:59  Queen  
  74  9:00  Drone  
  75  9:04  Drone x3  
  75  9:07  Drone  
  79  9:10  Drone x2  
  79  9:15  Lair  
  81  9:19  Drone  
  81  9:20  Drone x2  
  84  9:24  Drone x3  
  84  9:27  Drone  
  84  9:28  Drone  
  84  9:29  Drone  
  84  9:30  Ravager  
  91  9:33  Drone x2  
  91  9:35  Overlord  
  93  9:39  Drone  
  94  9:45  Drone  
  94  9:49  Zerg Ground Armor Level 1  
  96  9:52  Drone  
  96  9:53  Drone  
  96  9:55  Hatchery  
  96  10:00  Roach x3  
  96  10:01  Roach x2  
  96  10:03  Overlord  
  96  10:04  Zergling x2  
  96  10:07  Overlord  
  106  10:10  Roach, Zergling x2  
  109  10:19  Roach, Zergling x6  
  114  10:25  Roach x3, Zergling x6  
  114  10:26  Roach  
  121  10:36  Drone x2, Hydralisk Den  
  121  10:37  Drone  
  121  10:42  Drone  
  122  10:43  Glial Reconstitution  
  121  10:51  Overseer  
  121  10:52  Extractor x2  
  121  10:54  Drone x2  
  121  10:55  Drone x3  
  124  10:58  Overseer  
  124  10:59  Extractor  
  124  11:02  Drone x3  
  124  11:03  Drone  
  127  11:15  Lurker Den  
  127  11:17  Overlord, Zergling x2  
  128  11:18  Drone x2  
  128  11:19  Drone x4  
  128  11:22  Drone x2  
  135  11:27  Drone  
  135  11:28  Drone x2  
  135  11:38  Roach x3, Zergling x6  
  136  11:40  Overlord  
  136  11:43  Hydralisk x3  
  136  11:44  Hydralisk  
  138  11:50  Zergling x2  
  138  11:51  Roach x2, Zergling x2  
  131  11:56  Roach x2, Zergling x4  
  131  11:57  Zergling x4  
  131  11:59  Roach  
  139  12:06  Hydralisk  
  139  12:08  Extractor  
  137  12:10  Zergling x2  
  137  12:11  Hydralisk, Zergling x8  
  137  12:12  Hatchery, Hydralisk, Extractor  
  144  12:17  Spore Crawler  
  144  12:21  Zergling x2  
  144  12:22  Roach x2, Zergling x4  
  147  12:27  Roach x4, Zergling x2  
  147  12:28  Overlord  
  151  12:34  Hydralisk  
  151  12:35  Hydralisk x2  
  133  12:37  Hydralisk x2  
  133  12:39  Zergling x2  
  133  12:42  Hydralisk  
  121  12:45  Hydralisk  
  111  12:54  Zergling x16  
  111  12:56  Lurker  
  117  12:58  Drone  
  117  12:59  Drone  
  117  13:03  Lurker  
  119  13:08  Lurker  
  119  13:10  Roach x3  
  123  13:18  Infestation Pit  
  121  13:21  Drone x2  
  121  13:26  Lurker  
  122  13:28  Lurker  
  123  13:35  Hatchery  
  122  13:42  Lurker x2  
  122  13:44  Drone  
  122  13:45  Drone x6  
  122  13:46  Queen  
  133  13:57  Queen  
  133  13:59  Drone  
  133  14:00  Drone  
  133  14:01  Hive  
  133  14:02  Zerg Melee Weapons Level 1  
  137  14:03  Drone x2  
  137  14:04  Evolution Chamber  
  138  14:17  Lurker x2  
  139  14:20  Drone x3  
  139  14:21  Extractor  
  139  14:23  Extractor  
  139  14:24  Overlord  
  140  14:25  Overlord x2, Spire  
  140  14:30  Drone x3  
  140  14:31  Drone  
  143  14:32  Drone x2  
  144  14:40  Spore Crawler  
  144  14:45  Zergling x8  
  143  14:53  Drone x2  
  143  14:59  Spore Crawler  
  144  15:03  Lurker x2  
  144  15:04  Spore Crawler  
  144  15:05  Overlord  
  144  15:06  Zergling x8  
  149  15:18  Zergling x14  
  152  15:38  Greater Spire  
  152  15:45  Ravager x2  
  152  15:46  Ravager x2  
  152  15:49  Hatchery  
  149  15:57  Zergling x16  
  131  16:01  Hatchery  
  118  16:14  Hydralisk x5  
  85  16:28  Hydralisk  
  83  16:40  Lurker  
  83  16:41  Lurker  
Show
View Real Time Build Order
Export as new Build Order

MyuNgSiK Protoss - Winner!

Build Orders: 1 Gate Expand 

Get SALT Encoding   

  12  0:03  Probe (Chrono Boost)  
  13  0:14  Probe (Chrono Boost)  
  14  0:19  Pylon  
  14  0:24  Probe (Chrono Boost)  
  15  0:37  Probe (Chrono Boost)  
  15  0:39  Gateway  
  16  0:45  Assimilator  
  16  0:48  Probe (Chrono Boost)  
  17  0:58  Probe (Chrono Boost)  
  18  1:09  Probe (Chrono Boost)  
  19  1:19  Probe (Chrono Boost)  
  20  1:30  Probe (Chrono Boost)  
  21  1:38  Nexus  
  21  1:40  Cybernetics Core  
  21  1:45  Probe (Chrono Boost)  
  22  1:50  Assimilator  
  22  1:53  Pylon  
  22  1:56  Probe (Chrono Boost)  
  23  2:11  Probe (Chrono Boost)  
  24  2:21  Probe (Chrono Boost), Adept, Warp Gate  
  27  2:30  Robotics Facility  
  27  2:32  Probe (Chrono Boost)  
  28  2:43  Probe (Chrono Boost)  
  29  2:50  Sentry  
  29  2:51  Probe (Chrono Boost)  
  32  2:53  Probe (Chrono Boost)  
  32  2:55  Pylon  
  33  3:01  Probe (Chrono Boost)  
  33  3:04  Probe (Chrono Boost)  
  35  3:12  Probe (Chrono Boost)  
  36  3:14  Probe (Chrono Boost)  
  36  3:19  Gateway  
  37  3:21  Gateway, Warp Prism (Chrono Boost)  
  37  3:24  Probe  
  37  3:25  Probe  
  41  3:29  Sentry  
  43  3:34  Probe  
  43  3:37  Probe  
  43  3:41  Pylon  
  45  3:43  Assimilator  
  45  3:48  Probe  
  45  3:49  Probe  
  45  3:53  Immortal (Chrono Boost)  
  51  3:58  Probe  
  51  4:01  Probe  
  53  4:08  Gateway  
  53  4:10  Gateway  
  53  4:13  Gateway  
  51  4:24  Probe  
  51  4:25  Probe  
  52  4:33  Gateway, Observer (Chrono Boost)  
  53  4:46  Adept x3  
  53  4:49  Pylon  
  59  4:53  Pylon  
  59  4:54  Pylon  
  59  5:07  Adept  
  61  5:09  Adept  
  61  5:10  Adept  
  61  5:13  Adept x2, Pylon  
  69  5:15  Adept  
  71  5:29  Adept x2  
  71  5:30  Adept  
  71  5:33  Adept x3  
  81  5:39  Adept  
  81  5:51  Adept x5  
  81  5:56  Adept  
  85  6:15  Adept x5  
  85  6:18  Adept x2  
  91  6:38  Adept x3  
  91  6:39  Adept x3  
  67  6:59  Adept x2  
  67  7:00  Adept x5  
  71  7:08  Warp Prism  
  61  7:25  Probe x2  
  61  7:26  Assimilator  
  56  7:37  Probe  
  50  7:44  Immortal (Chrono Boost)  
  50  7:46  Adept, Forge  
  50  7:47  Twilight Council, Adept x3  
  60  7:53  Mothership Core, Probe  
  63  8:08  Probe  
  64  8:17  Protoss Ground Weapons Level 1  
  64  8:18  Adept x4  
  76  8:20  Immortal (Chrono Boost)  
  76  8:26  Blink (Chrono Boost)  
  68  9:02  Nexus  
  62  9:05  Pylon  
  62  9:07  Pylon  
  62  9:08  Observer (Chrono Boost)  
  62  9:09  Sentry x3  
  69  9:10  Stalker  
  69  9:12  Stalker  
  69  9:13  Zealot x2  
  77  9:28  Probe x2  
  79  9:35  Stalker x4  
  87  9:40  Probe  
  90  9:56  Adept x2  
  90  9:57  Adept  
  90  9:58  Adept x3  
  100  10:00  Adept  
  92  10:36  Robotics Bay  
  92  10:38  Stalker x6  
  98  10:43  Assimilator  
  94  10:51  Probe, Assimilator  
  94  10:52  Probe  
  94  10:53  Probe  
  97  10:58  Pylon  
  97  11:02  Pylon  
  97  11:06  Probe x2  
  99  11:12  Protoss Ground Weapons Level 2  
  99  11:14  Warp Prism  
  100  11:22  Stalker x3  
  100  11:23  Stalker  
  107  11:51  Stalker x6  
  113  11:57  Stalker  
  115  12:15  Sentry x3, Stalker x2  
  121  12:16  Stalker  
  121  12:20  Stalker  
  115  12:42  Stalker x5  
  107  12:46  Stalker  
  107  12:48  Stalker  
  101  13:05  Sentry x4  
  107  13:06  Sentry  
  107  13:10  Stalker x2  
  115  13:22  Disruptor (Chrono Boost)  
  118  13:33  Pylon  
  118  13:34  Pylon  
  118  13:49  Stalker x7  
  118  13:55  Observer (Chrono Boost)  
  133  14:13  Disruptor (Chrono Boost)  
  136  14:20  Nexus  
  136  14:22  Pylon  
  136  14:23  Pylon  
  136  14:27  Templar Archives  
  136  14:43  Stalker x6  
  136  14:44  Observer (Chrono Boost)  
  149  15:03  Observer (Chrono Boost)  
  138  15:28  Stalker  
  138  15:29  Stalker x6  
  152  16:00  Stalker x6  
  152  16:01  Stalker  
  132  16:25  Stalker x4  
  129  16:26  Stalker x2  
  133  16:50  Stalker x3  
Tags
 
Add a new tag
Caveats
  • Supply blocks, unpowered buildings, or Contaminate may cause inaccurate times.
  • Supply counts are checked every 10 seconds.